 Dungeon Crawl Stone Soup version 0.29-a0-925-g0a7a3d12f8 (webtiles) character file.

Game seed: 2659809955392964110

315 Gwenloh the Caller (level 6, 0/32 HPs)
             Began as a Deep Elf Summoner on July 29, 2022.
             Killed from afar by an orc wizard (5 damage)
             ... with a magic dart
             ... on level 4 of the Dungeon.
             The game lasted 00:14:26 (4847 turns).

Gwenloh the Caller (Deep Elf Summoner)              Turns: 4847, Time: 00:14:27

Health: 0/32       AC:  3    Str:  5    XL:     6   Next: 20%
Magic:  14/14      EV: 13    Int: 22    God:
Gold:   196        SH:  5    Dex: 15    Spells: 5/14 levels left

rFire   . . .      SeeInvis .   f - +0 dagger
rCold   . . .      Faith    .   (no shield)
rNeg    . . .      Spirit   .   a - +0 robe
rPois   .          Reflect  +   (no helmet)
rElec   .          Harm     .   (no cloak)
rCorr   .          Rampage  .   (no gloves)
Will    .....                   q - +0 pair of boots
Stlth   +++.......              l - amulet of reflection
HPRegen 0.10/turn               (no ring)
MPRegen 0.14/turn               (no ring)

@: no status effects
A: no striking features
a: no special abilities


You were on level 4 of the Dungeon.
You visited 1 branch of the dungeon, and saw 4 of its levels.

You collected 196 gold pieces.

Inventory:

Hand Weapons
 f - a +0 dagger (weapon)
Missiles
 c - a boomerang (quivered)
 j - 26 stones
 r - 5 javelins
Armour
 a - a +0 robe (worn)
 q - a +0 pair of boots (worn)
Jewellery
 l - an amulet of reflection (around neck)
Wands
 p - a wand of flame (16)
 t - a wand of charming (13)
 v - a wand of iceblast (10)
Scrolls
 e - 3 scrolls of enchant armour
 g - 2 scrolls of amnesia
 m - a scroll of silence
 o - a scroll of immolation {unknown}
 s - a scroll of teleportation {unknown}
 u - a scroll of fear {unknown}
 w - a scroll of blinking {unknown}
Potions
 b - a potion of magic
 d - a potion of mutation {unknown}
 h - a potion of degeneration {unknown}
 i - a potion of curing
 k - a potion of might {unknown}
 n - 4 potions of resistance {unknown}


   Skills:
 + Level 4.0 Dodging
 + Level 4.1 Stealth
 + Level 4.5 Spellcasting
 + Level 2.2 Hexes
 * Level 6.0 Summonings


You had 5 spell levels left.
You knew the following spells:

 Your Spells              Type           Power      Damage    Failure   Level
a - Summon Small Mammal   Summ           100%       N/A       1%          1
b - Call Imp              Summ           31%        N/A       1%          2
c - Call Canine Familiar  Summ           31%        N/A       2%          3
d - Summon Guardian Gole  Hex/Summ       23%        N/A       6%          3

Your spell library contained the following spells:

 Spells                   Type           Power      Damage    Failure   Level
 Foxfire                  Conj/Fire      20%        2x1d5     11%         1
 Magic Dart               Conj           20%        1d4       11%         1
 Inner Flame              Hex/Fire       10%        N/A       21%         3
 Summon Lightning Spire   Summ/Air       18%        N/A       30%         4
 Conjure Flame            Conj/Fire      5%         6-21      32%         3
 Mephitic Cloud           Conj/Pois/Air  5%         N/A       32%         3
 Flame Wave               Conj/Fire      5%         2d5       71%         4


Dungeon Overview and Level Annotations

Branches:
Dungeon (4/15)
 Temple: D:4-7

Altars:
Dithmenos
Elyvilon
Okawaru
Ru
Yredelemnul

Annotations:
D:3 1 runed translucent door


Message History

The orc wizard hits you with a +0 dagger.
Your crimson imp blinks!
Your hound barely misses the orc wizard.
You closely miss the orc wizard.
Your hound barely misses the orc wizard.
The orc wizard gestures at you while chanting.
You are confused.
Are you sure you want to stumble around while confused and next to your hound? [Y]es or [N]o only, please.
Are you sure you want to stumble around while confused and next to your hound?
Okay, then.
Unknown command.
Your hound bites the orc wizard but does no damage.
The orc wizard hits you but does no damage.
Your hound closely misses the orc wizard.
Your hound bites the orc wizard but does no damage.
The orc wizard hits you with a +0 dagger.
Your crimson imp blinks!
Your hound closely misses the orc wizard.
The orc wizard hits you with a +0 dagger.
Your hound bites the orc wizard.
Your hound bites the orc wizard.
The orc wizard casts a spell at you. The magic dart hits you!
* * * LOW HITPOINT WARNING * * *
Your crimson imp barely misses the orc wizard.
Your hound closely misses the orc wizard.
The orc wizard hits you with a +0 dagger.
* * * LOW HITPOINT WARNING * * *
Your crimson imp barely misses the orc wizard.
Your hound bites the orc wizard but does no damage.
Your hound barely misses the orc wizard.
The orc wizard hits you with a +0 dagger.
* * * LOW HITPOINT WARNING * * *
Your crimson imp closely misses the orc wizard.
You feel less confused.
Your hound bites the orc wizard but does no damage.
The orc wizard casts a spell at you. The magic dart hits you.
You die...

..... ##..# .### #
#############.. #.
#....<......#._
...##.#######.###'#######..
............#......)...##''
o..#.#...5h...#5...)...#..
#...@o...#........'.♣
#........#........'.♣
#........########.'.♣
#........# ###.. #........#
#'' #........# #..
#####'#..# #._ #.#..# #..
####.#..# ###


You could see an orc wizard (ally target), a friendly hound (summoned) and a
friendly crimson imp (summoned).

Vanquished Creatures
  3 adders
  An orc (D:3)
  4 endoplasms
  6 giant cockroaches
  2 hobgoblins
  A kobold (D:3)
  2 quokkas (D:2)
  4 ball pythons
  4 bats
  3 frilled lizards
  A rat (D:3)
  3 bushes (D:3)
34 creatures vanquished.

Vanquished Creatures (collateral kills)
  An ogre (D:4)
  A scorpion (D:4)
  A howler monkey (D:4)
  4 adders
  A worm (D:2)
  2 dart slugs
  4 orcs (D:4)
  4 ball pythons (D:1)
  3 bats (D:1)
  3 endoplasms
  3 goblins
  4 hobgoblins
  2 quokkas
  A frilled lizard (D:1)
  3 kobolds
  A rat (D:1)
38 creatures vanquished.

Vanquished Creatures (others)
  3 plants (D:3)
3 creatures vanquished.

Grand Total: 75 creatures vanquished

Notes
Turn   | Place    | Note
-------+----------+-------------------------------------------
     0 | D:1      | Gwenloh the Deep Elf Summoner began the quest for the Orb.
     0 | D:1      | Reached XP level 1. HP: 10/10 MP: 6/6
   170 | D:1      | Reached XP level 2. HP: 15/15 MP: 6/8
   471 | D:1      | Learned a level 2 spell: Call Imp
   733 | D:2      | Reached XP level 3. HP: 18/19 MP: 9/9
   737 | D:2      | Learned a level 3 spell: Call Canine Familiar
   917 | D:2      | Reached skill level 5 in Summonings
  1306 | D:2      | Found a faded altar of an unknown god.
  1799 | D:2      | Reached XP level 4. HP: 24/24 MP: 7/11
  1805 | D:2      | Learned a level 3 spell: Summon Guardian Golem
  2108 | D:3      | Found a shadowy altar of Dithmenos.
  2358 | D:3      | Found a runed translucent door.
  2358 | D:3      | Noticed a human
  2362 | D:3      | Found a basalt altar of Yredelemnul.
  2730 | D:3      | Reached skill level 1 in Hexes
  4392 | D:4      | Found a sacrificial altar of Ru.
  4439 | D:4      | Noticed an ogre
  4458 | D:4      | Killed an ogre
  4459 | D:4      | Reached XP level 5. HP: 28/28 MP: 5/13
  4563 | D:4      | Found a white marble altar of Elyvilon.
  4568 | D:4      | Found an iron altar of Okawaru.
  4780 | D:4      | Reached skill level 6 in Summonings
  4780 | D:4      | Reached XP level 6. HP: 17/32 MP: 14/14
  4847 | D:4      | Killed from afar by an orc wizard

Illustrated notes

Levels and vault maps discovered:
D:1:      mushboom_english_gardens, layout_rooms, minmay_indecisive_spiral
D:2:      layout_basic, basic_ecumenical_altar
D:3:      layout_rooms, dk_yredelemnul_ordeal, grunt_dithmenos_smoke,
          serial_forest, infiniplex_forest_clump_small,
          infiniplex_forest_straight_5, infiniplex_forest_clump_curved,
          infiniplex_forest_clump_small, infiniplex_forest_clump_curved,
          infiniplex_forest_straight_3, minmay_strange_pillars
D:4:      layout_basic, mainiacjoe_overflow_big_doors,
          mainiacjoe_overflow_paths, minmay_temple_entry_drinking_statues,
          minmay_pentomino_pile, uniq_pikel

Skill      XL: |  1  2  3  4  5 |
---------------+----------------+-----
Stealth        | 3 4 |  4.1
Dodging        | 3 4 |  4.0
Summonings     | 5 6 |  6.0
Hexes          | 1 2 |  2.2
Spellcasting   | 4 |  4.5

Action                   |  1- 3 |  4- 6 || total
-------------------------+-------+-------++-------
Melee: Unarmed           |    14 |       ||    14
       Dagger            |    76 |  1217 ||  1293
       Punch             |       |    32 ||    32
Throw: Boomerang         |       |    14 ||    14
 Cast: Summon Small Mamm |    15 |     1 ||    16
       Call Canine Famil |     2 |    11 ||    13
       Call Imp          |       |     3 ||     3
  Use: Scroll            |       |     3 ||     3
       Potion            |       |     1 ||     1
 Stab: Distracted        |     2 |       ||     2
       Sleeping          |     4 |     3 ||     7
Armor: Robe              |    23 |     9 ||    32
Dodge: Dodged            |    70 |    38 ||   108
Block: Other             |     4 |    14 ||    18
       Reflection        |     1 |       ||     1

Table legend: (Time is in decaauts)
 A = Elapsed time spent in this place.
 B = Non-inter-level travel time spent in this place.
 C = Inter-level travel time spent in this place.
 D = Time resting spent in this place.
 E = Time spent auto-exploring this place.
 F = Levels seen in this place.
 G = Mean time per level.
                   A        B        C        D        E       F      G
               +--------+--------+--------+--------+--------+-----+--------+
         Total |   4850 |   4714 |    136 |    112 |   2677 |   4 | 1212.5 |
       Dungeon |   4850 |   4714 |    136 |    112 |   2677 |   4 | 1212.5 |
               +--------+--------+--------+--------+--------+-----+--------+

Top non-repeatable levels by time:
     D:3: 2290 daAuts
     D:2: 1338 daAuts
     D:1: 717 daAuts
     D:4: 503 daAuts
